 Dungeon Crawl Stone Soup version 0.18.1-48-g4cf74bf (webtiles) character file.

1198 Alarkh the Archer (level 8, 0/56 HPs)
             Began as a Mummy Hunter on Aug 13, 2016.
             Was a Believer of Okawaru.
             Slain by a wasp zombie (5 damage)
             ... on level 6 of the Dungeon.
             The game lasted 00:10:00 (6019 turns).

Alarkh the Archer (Mummy Hunter)                    Turns: 6019, Time: 00:10:00

Health: 0/56       AC:  6    Str: 16    XL:     8   Next: 20%
Magic:  8/8        EV: 11    Int: 15    God:    Okawaru [**....]
Gold:   134        SH:  0    Dex: 12    Spells: 0 memorised, 7 levels left

rFire  x . .     SeeInvis .     w - +2 quarterstaff (chaos)
rCold  + . .     Gourm    .     c - +0 leather armour
rNeg   + + +     Faith    .     (shield currently unavailable)
rPois  ∞         Spirit   .     i - +0 helmet {Int+3}
rElec  .         Dismiss  .     f - +1 cloak {+Inv}
rCorr  .         Reflect  .     (no gloves)
SustAt .         Harm     .     (no boots)
MR     ++...                    (no amulet)
Stlth  +.........               (no ring)
                                m - ring of protection from magic

@: about to teleport, very resistant to hostile enchantments, very unstealthy
A: no food or potions, fire vulnerability, cold resistance 1, negative energy
resistance 3, torment resistance, unbreathing
a: Heroism, Renounce Religion, Evoke Invisibility


You were on level 6 of the Dungeon.
You worshipped Okawaru.
Okawaru was pleased with you.
You were not hungry.

You visited 1 branch of the dungeon, and saw 6 of its levels.
You also visited: Sewer.

You collected 134 gold pieces.

Inventory:

Hand Weapons
 a - a +1 shortbow
 b - a +0 dagger of venom
 q - the +2 mace of Terra Cotta {flame, rPois MP+9 Int+2}
   (You found it on level 4 of the Dungeon)

   It has been specially enchanted to burn those struck by it, causing extra
   injury to most foes and up to half again as much damage against particularly
   susceptible opponents.
   It affects your intelligence (+2).
   It protects you from poison.
   It affects your magic capacity (+9).
 t - a +4 dagger
 w - a +2 quarterstaff of chaos (weapon)
Missiles
 d - 18 arrows
Armour
 c - a +0 leather armour (worn)
 f - a +1 cloak of invisibility (worn)
 i - a +0 helmet of intelligence (worn)
 l - a +0 cloak
Jewellery
 m - a ring of protection from magic (left hand)
 r - an uncursed amulet of dismissal
Scrolls
 e - a scroll of identify
 g - 2 scrolls of noise
 h - 2 scrolls of magic mapping
 j - a scroll of random uselessness {unknown}
 k - 3 scrolls of remove curse
 p - a scroll of enchant weapon {unknown}
 u - 3 scrolls of blinking {unknown}
 v - 2 scrolls of fog {unknown}
 x - a scroll of immolation {unknown}
 A - 2 scrolls of fear {unknown}
 B - a scroll of holy word {unknown}
Books
 n - a book of the Earth

   Spells                             Type                      Level
   a - Leda's Liquefaction            Hexes/Earth                  4
   b - Bolt of Magma                  Conjuration/Fire/Earth       5
   c - Statue Form                    Transmutation/Earth          6
   d - Iron Shot                      Conjuration/Earth            6
   e - Shatter                        Earth                        9


   Skills:
 - Level 2.0 Fighting
 + Level 9.0 Bows
 - Level 1.5 Dodging
 - Level 0.7 Stealth


You had 7 spell levels left.
You didn't know any spells.

Dungeon Overview and Level Annotations

Branches:
Dungeon (6/15)             Temple (0/1) D:4

Altars:
Nemelex Xobeh
Okawaru
Qazlal
Ru
Sif Muna
Trog
Vehumet
Zin

Shops:
D:5 :

Annotations:
D:3 dvd's ghost, weakling MfGl
D:5 1 exclusion
D:6 1 runed door, Edmund


Innate Abilities, Weirdness & Mutations

You do not eat or drink.
Your flesh is vulnerable to fire.
You are immune to poison.
Your flesh is cold resistant.
You are immune to negative energy.
You are immune to unholy pain and torment.
You can survive without breathing.


Message History

You hit the wasp zombie. You burn the wasp zombie. The wasp zombie hits you!
The wasp zombie hits you.
You closely miss the wasp zombie. The wasp zombie hits you!
The wasp zombie hits you.
You thump the wasp zombie!
The wasp zombie flickers and vanishes!
Deactivating autopickup; reactivate with Ctrl-A.
Something hits you but does no damage. x2
No target in view!
You hit something. Something hits you!
You hit something. Something hits you. Something hits you but does no damage.
You closely miss something. Something hits you.
* * * LOW HITPOINT WARNING * * *
Something hits you.
* * * LOW HITPOINT WARNING * * *
Read which item? (? for menu, Esc to quit)
As you read the scroll of teleportation, it crumbles to dust.
You feel strangely unstable. Something hits you.
* * * LOW HITPOINT WARNING * * *
Something hits you.
You die...

#............##.
########'#########.
#...............#..
#...............#..
#....#######....###
#....# ...#.#
#....+ ..#.. #....#
.#.. #.@..#######
#.# #.........(.
#.# #.....(.(..(
#.# ########+###
####.# #....!
#..... . #.....
..##..... #.......


There were no monsters in sight!

Vanquished Creatures
  Sigmund (D:6)
  Menkaure (D:6)
  A black bear (D:5)
  2 necrophages
  An ogre (D:4)
  A water moccasin zombie (D:5)
  A crimson imp (D:5)
  An orc priest (D:4)
  Crazy Yiuf (D:3)
  3 orc wizards (D:4)
  5 worker ants
  A howler monkey skeleton (D:4)
  4 gnolls (D:5)
  3 river rats (Sewer)
  4 adders
  A shadow imp (D:5)
  2 oozes
  5 worms
  A dart slug (D:2)
  3 giant geckos
  4 orcs
  12 giant cockroaches
  8 goblins
  7 hobgoblins
  3 jackals (D:3)
  3 kobolds
  2 quokkas (D:2)
  5 ball pythons
  8 bats
  A giant gecko skeleton (D:5)
  8 giant newts
  13 rats
116 creatures vanquished.

Notes
Turn   | Place    | Note
--------------------------------------------------------------
     0 | D:1      | Alarkh the Mummy Hunter began the quest for the Orb.
     0 | D:1      | Reached XP level 1. HP: 16/16 MP: 1/1
   137 | D:1      | Reached XP level 2. HP: 12/22 MP: 2/2
   598 | D:1      | Reached skill level 4 in Bows
   918 | D:1      | Reached XP level 3. HP: 27/27 MP: 3/3
  1109 | D:2      | Found a radiant altar of Vehumet.
  1258 | D:2      | Found a stormy altar of Qazlal.
  1463 | D:2      | Found a sacrificial altar of Ru.
  1843 | D:2      | Found an iron altar of Okawaru.
  1843 | D:2      | Found a bloodstained altar of Trog.
  2019 | D:2      | Became a worshipper of Warmaster Okawaru
  2393 | D:3      | Reached XP level 4. HP: 32/33 MP: 4/4
  2728 | D:3      | Found a glowing silver altar of Zin.
  2728 | D:3      | Noticed an angel
  2771 | D:3      | Found a deep blue altar of Sif Muna.
  2839 | D:3      | Noticed Crazy Yiuf
  2907 | D:3      | Killed Crazy Yiuf
  2907 | D:3      | Reached skill level 5 in Bows
  3057 | D:3      | Noticed dvd's ghost (weakling MfGl)
  3165 | D:4      | Got a bloodstained mace
  3293 | D:4      | Reached XP level 5. HP: 27/38 MP: 5/5
  3391 | D:4      | Found a sparkling altar of Nemelex Xobeh.
  3577 | D:4      | Found a staircase to the Ecumenical Temple.
  3644 | D:4      | Identified the +2 mace of Terra Cotta {flame, rPois MP+9 Int+2} (You found it on level 4 of the Dungeon)
  3666 | D:4      | Reached skill level 6 in Bows
  3673 | D:4      | Reached XP level 6. HP: 36/44 MP: 6/6
  3687 | D:4      | Reached * piety under Okawaru
  4104 | D:5      | Entered Level 5 of the Dungeon
  4134 | D:5      | Reached skill level 7 in Bows
  4134 | D:5      | Reached XP level 7. HP: 40/50 MP: 7/7
  4365 | D:5      | Found a glowing drain.
  4462 | Sewer    | Entered a sewer
  5071 | D:5      | Found Emugg's Book Boutique.
  5366 | D:6      | Reached ** piety under Okawaru
  5366 | D:6      | Reached skill level 8 in Bows
  5406 | D:6      | Noticed Sigmund
  5433 | D:6      | Killed Sigmund
  5508 | D:6      | Noticed Edmund
  5560 | D:5      | Reached XP level 8. HP: 16/56 MP: 8/8
  5798 | D:6      | Noticed Menkaure
  5965 | D:6      | Killed Menkaure
  5965 | D:6      | Reached skill level 9 in Bows
  5992 | D:6      | Found a runed door.
  6019 | D:6      | Slain by a wasp zombie

Skill      XL: |  1  2  3  4  5  6  7  8 |
---------------+-------------------------+-----
Bows           | 4 5 6 7 8 9 |  9.0
Fighting       | |  2.0
Dodging        | |  1.5
Stealth        | |  0.7

Action                   |  1- 3 |  4- 6 |  7- 9 || total
-------------------------+-------+-------+-------++-------
Melee: Short sword       |   124 |    32 |       ||   156
       Quarterstaff      |       |    22 |     8 ||    30
       Dagger            |       |       |   114 ||   114
 Fire: Shortbow          |    49 |   111 |    74 ||   234
 Abil: Evoke Invisibilit |       |     1 |       ||     1
  Use: Scroll            |     2 |     3 |     3 ||     8
 Stab: Sleeping          |     1 |       |       ||     1
Armor: Leather armour    |    49 |    44 |    54 ||   147
Dodge: Dodged            |    91 |    78 |    83 ||   252
